 Dungeon Crawl Stone Soup version 0.29.1-13-g9f3cf754e1 (webtiles) character file.

Game seed: 727341686685568935

13 adizb the Stinger (level 2, 15/15 HPs)
             Began as a Tengu Venom Mage on Jan 25, 2023.
             Quit the game on level 1 of the Dungeon on Jan 26, 2023.
             The game lasted 00:02:50 (456 turns).

adizb the Stinger (Tengu Venom Mage)                 Turns: 456, Time: 00:02:51

Health: 15/15      AC:  2    Str:  8    XL:     2   Next: 37%
Magic:  6/6        EV: 12    Int: 15    God:
Gold:   35         SH:  0    Dex: 14    Spells: 4/5 levels left

rFire   . . .      SeeInvis .   e - +0 dagger
rCold   . . .      Faith    .   (no shield)
rNeg    . . .      Spirit   .   a - +0 robe
rPois   .          Reflect  .   (helmet restricted)
rElec   .          Harm     .   (no cloak)
rCorr   .          Rampage  .   (no gloves)
Will    .....                   (boots unavailable)
Stlth   ++........              (no amulet)
HPRegen 0.05/turn               (no ring)
MPRegen 0.10/turn               (no ring)

@: no status effects
A: beak, talons 3
a: no special abilities


You were on level 1 of the Dungeon.
You visited 1 branch of the dungeon, and saw 1 of its levels.

You collected 35 gold pieces.

Inventory:

Hand Weapons
 e - a +0 dagger (weapon)
Armour
 a - a +0 robe (worn)
Scrolls
 c - a scroll of identify {unknown}
 d - a scroll of noise {unknown}
 f - 3 scrolls of teleportation {unknown}
 j - a scroll of magic mapping {unknown}
Potions
 b - a potion of magic
 g - 3 potions of might {unknown}
 h - a potion of heal wounds {unknown}
 i - a potion of haste {unknown}


   Skills:
 + Level 2.4 Dodging
 + Level 2.2 Stealth
 + Level 2.2 Spellcasting
 - Level 0.7 Transmutations
 + Level 3.2 Poison Magic


You had 4 spell levels left.
You knew the following spells:

 Your Spells              Type           Power      Damage    Failure   Level
a - Sting                 Tmut/Pois      28%        1d4       10%         1

Your spell library contained the following spells:

 Spells                   Type           Power      Damage    Failure   Level
 Poisonous Vapours        Pois/Air       12%        N/A       17%         2
 Mephitic Cloud           Conj/Pois/Air  4%         N/A       38%         3
 Olgreb's Toxic Radiance  Pois           11%        N/A       50%         4


Dungeon Overview and Level Annotations

Branches:
Dungeon (1/15)

Altars:


Innate Abilities, Weirdness & Mutations

You have a beak for a mouth.
You have claws for feet.


Message History

You kill the goblin!
You hit the giant cockroach but do no damage.
Your kick misses the giant cockroach. The giant cockroach closely misses you.
Aiming: Sting (safe; 10% risk of failure)
Press: ? - help, Q - select action Shift-Dir - straight line, f/p - giant cockroach
Aim: a giant cockroach (68% to hit)
The sting hits the giant cockroach.
The giant cockroach is poisoned.
The giant cockroach is moderately wounded.
The giant cockroach bites you.
The giant cockroach bites you but does no damage.
You closely miss the giant cockroach. Your kick misses the giant cockroach.
You peck the giant cockroach, but do no damage.
The giant cockroach is heavily wounded.
The giant cockroach bites you.
You hit the giant cockroach.
The giant cockroach is almost dead.
You kill the giant cockroach!
Your magical contamination has completely faded away.
Things that are here:
a +0 dagger; a +0 short sword; a goblin corpse You see here a bat corpse.
You see here a ball python corpse.
Found a mace.
i - a grey potion You see here a +0 mace.
You see here a +0 mace.
Found 15 gold pieces.
You now have 35 gold pieces (gained 15).
You open the door.
Found a scroll labelled SOTAIRYIHY.
There is an open door here.
j - a scroll labelled SOTAIRYIHY You open the door.
There is an open door here.
HP restored.
Saving game... please wait.
Welcome back, adizb the Tengu Venom Mage.
Press ? for a list of commands and other information.
Unknown command.
Are you sure you want to abandon this character and quit the game? (Confirm with "yes".)

#.###.#
##.##+#' #.#
#.# #......
#.# #.#####
#......
#.###......
+......
#......#
######......
#......+
.............
##.....#
#############
#####.# #@#
#.# #.# #.#
#.# #.######
######
#......##
≈~~.#
######..##
###~... ##..#
#≈≈....


There were no monsters in sight!

Vanquished Creatures
  A dart slug (D:1)
  2 bats (D:1)
  A giant cockroach (D:1)
  2 goblins (D:1)
  2 ball pythons (D:1)
  4 kobolds (D:1)
  A rat (D:1)
13 creatures vanquished.

Notes
Turn   | Place    | Note
-------+----------+-------------------------------------------
     0 | D:1      | adizb the Tengu Venom Mage began the quest for the Orb.
     0 | D:1      | Reached XP level 1. HP: 10/10 MP: 4/4
   208 | D:1      | Reached XP level 2. HP: 15/15 MP: 3/6
   456 | D:1      | Quit the game

Illustrated notes

Levels and vault maps discovered:
D:1:      enne_arrival_octagon_isle, layout_basic

Action                   || total
-------------------------++-------
Melee: Unarmed           ||     2
       Dagger            ||    12
       Peck              ||     2
       Kick              ||     1
 Cast: Sting             ||    17
Armor: Robe              ||     4
Dodge: Dodged            ||    14
